 Dungeon Sprint DCSS version 0.26.0-57-g60708a5e39 (webtiles) character file.

Game seed: 8740486316564180817

2837 Groucho the Unseen (level 9, -5/51 HPs)
             Began as a Felid Berserker on Feb 1, 2021.
             Was a High Priest of Trog.
             Slain by an electric golem (13 damage)
             ... in the Dungeon (Sprint II: "The Violet Keep of Menkaure").
             The game lasted 00:07:47 (1377 turns).

Groucho the Unseen (Felid Berserker)                Turns: 1377, Time: 00:07:48

Health: -5/51      AC:  2    Str: 13    XL:     9   Next: 46%
Magic:  0/22       EV: 33    Int:  9    God:    Trog [*****.]
Gold:   282        SH:  0    Dex: 19    Spells: 24/24 levels left
                                        Lives:  0   Deaths: 2

rFire    + . .     SeeInvis +     - Unarmed
rCold    . . .     Faith    .   (shield unavailable)
rNeg     . . .     Spirit   +   (armour unavailable)
rPois    +         Reflect  .   (helmet unavailable)
rElec    .         Harm     .   (cloak unavailable)
rCorr    .         Rampage  .   (gloves unavailable)
Will     +....     NoTele   +   (boots unavailable)
Stlth    +++++++...             g - amulet of guardian spirit
HPRegen  0.17/turn              h - ring of poison resistance
MPRegen  0.18/turn              i - ring of protection from fire

@: lethally poisoned (-5 -> -33), quick
A: very small, no armour, no weapons or thrown items, stealth, claws 1, fangs 3,
see invisible, speed 1, shaggy fur 2, sharp paws
a: Renounce Religion, Berserk, Trog's Hand, Brothers in Arms


You were in the Dungeon.
You worshipped Trog.
Trog was extremely pleased with you.
You visited 1 branch You collected 1221 gold pieces.
You spent 939 gold pieces at shops.

Inventory:

Jewellery
 a - the ring of the Turtledove {Will+ rCorr, unknown}
   (You found it in the Dungeon)

   [ring of resist corrosion]

   It affects your willpower, your defense against some magical effects.
   It provides partial protection from all sources of acid and corrosion.
 g - an amulet of guardian spirit (around neck)
 h - a ring of poison resistance (left paw)
 i - a ring of protection from fire (right paw)
Scrolls
 f - a scroll of identify {unknown}
Potions
 c - a potion of haste
 d - 2 potions of magic
 e - a potion of flight


   Skills:
 + Level 13.0 Fighting
 + Level 16.3 Dodging
 + Level 17.1 Stealth
 + Level 13.1 Unarmed Combat
 + Level 8.4 Spellcasting


You had 24 spell levels left.
You didn't know any spells.
Your spell library was empty.

Dungeon Overview and Level Annotations

Branches:
Dungeon (1/1)

Altars:
Cheibriados
Dithmenos
Elyvilon
Fedhas
Gozag
Hepliaklqana
Kikubaaqudgha
Makhleb
Nemelex Xobeh
Okawaru
Qazlal
Ru
Sif Muna
Trog
Uskayaw
Vehumet
Wu Jian
Xom
Yredelemnul
Zin
The Shining One
Beogh
Jiyva
Lugonu

Shops:
D }:*?!:[!(=![[[=

Annotations:
D exclusion: oklob plant


Innate Abilities, Weirdness & Mutations

You cannot wear armour.
You are incapable of wielding weapons or throwing items.
Your paws allow you to move quietly. (Stealth)
You have sharp claws.
You have razor-sharp teeth.
You have supernaturally acute eyesight. (SInv)
You cover ground quickly.
You are covered in thick fur. (AC +2)
Your sharp claws are effective at attacking unaware monsters.


Message History

You destroy the earth elemental!
Trog accepts your kill.
You feel sick.
Trog doesn't appreciate your training magic!
You feel sick.
The electric golem hurls lightning at you.
The bolt of lightning hits you!! x2
The bolt of lightning hits the electric golem.
The electric golem completely resists.
The helpless toenail golem fails to defend itself.
You eviscerate the toenail golem!!!!!
You destroy the toenail golem!
Trog accepts your kill.
You are engulfed in dark miasma.
You are lethally poisoned!
* * * LOW HITPOINT WARNING * * *
x2 You feel sick.
The electric golem hits you.
* * * LOW HITPOINT WARNING * * *
The electric golem shocks you!!
You die...

▓ #+▓ .▓ #°8▓▓▓+▓▓▓▓.▓
##++##8.@'..○▓0..▓
##§...###.#..°▓▓▓▓▓▓▓ °
#)§§^...###°○.▓≈≈≈≈≈≈ ++#+++
####h^..#!##):▓▓▓▓▓▓▓ . ...
#.$'.^..#..#°|▓!)??$[
##+##..#$.####.#..#.|▓!((?(?
##.###.####[.'.##†#)|▓!$$?(?
††#.†#....#.(#..†####▓?)$$)!
#.#.####..#####..##.#▓[!$?!(


You could see an iron golem (dormant) and an electric golem.

Vanquished Creatures
  A deep elf master archer (D)
  A crystal guardian (D)
  An ice dragon (D)
  A hell hog (D)
  2 death drakes (D)
  3 manticores (D)
  A toenail golem (D)
  A merfolk siren (D)
  A yaktaur (D)
  3 polar bears (D)
  A hornet (D)
  A blink frog (D)
  2 wyverns (D)
  A water moccasin (D)
  A swamp drake (D)
  4 necrophages (D)
  2 earth elementals (D)
  4 worker ants (D)
31 creatures vanquished.

Vanquished Creatures (collateral kills)
  A swamp drake (D)
1 creature vanquished.

Vanquished Creatures (others)
  Menkaure (D)
  A water moccasin (D)
2 creatures vanquished.

Grand Total: 34 creatures vanquished

Notes
Turn   | Place    | Note
-------+----------+-------------------------------------------
     0 | D        | Groucho the Felid Berserker began the quest for the Orb.
     0 | D        | Reached XP level 1. HP: 10/10 MP: 2/2
     1 | D        | Noticed a necrophage
     1 | D        | Noticed a necrophage
     1 | D        | Noticed a necrophage
     1 | D        | Noticed a necrophage
     8 | D        | Killed a necrophage
     9 | D        | Reached skill level 5 in Fighting
     9 | D        | Reached skill level 5 in Stealth
     9 | D        | Reached skill level 5 in Unarmed Combat
     9 | D        | Reached XP level 2. HP: 13/16 MP: 3/3
     9 | D        | Reached XP level 3. HP: 15/19 MP: 4/4
     9 | D        | Reached XP level 4. HP: 18/23 MP: 5/5
    12 | D        | Killed a necrophage
    13 | D        | Reached skill level 7 in Stealth
    13 | D        | Reached XP level 5. HP: 22/27 MP: 6/6
    17 | D        | Killed a necrophage
    17 | D        | Reached ** piety under Trog
    18 | D        | Reached skill level 8 in Stealth
    21 | D        | Killed a necrophage
    22 | D        | Reached skill level 9 in Stealth
    22 | D        | Gained mutation: You are covered in thick fur. (AC +2)
                  | [Felid growth]
    22 | D        | Reached XP level 6. HP: 23/33 MP: 7/7
    38 | D        | Killed a water moccasin
    88 | D        | Killed Menkaure
   325 | D        | Reached *** piety under Trog
   326 | D        | Reached skill level 10 in Dodging
   326 | D        | Reached skill level 10 in Stealth
   342 | D        | Noticed a wyvern
   342 | D        | Noticed a wyvern
   345 | D        | Killed a wyvern
   346 | D        | Reached XP level 7. HP: 37/37 MP: 8/8
   348 | D        | Killed a wyvern
   349 | D        | Reached skill level 11 in Stealth
   356 | D        | Noticed a merfolk siren
   365 | D        | Killed a merfolk siren
   365 | D        | Reached **** piety under Trog
   366 | D        | Reached skill level 12 in Stealth
   366 | D        | Reached XP level 8. HP: 42/42 MP: 9/9
   404 | D        | Found Gugutuol's Armour Shop.
   404 | D        | Found Matiat Omai's Antique Weapon Boutique.
   404 | D        | Found Itaogibe's Jewellery Shop.
   404 | D        | Found Tiag's Jewellery Boutique.
   404 | D        | Found Hamanec's Armour Boutique.
   404 | D        | Found Abarenae's Antique Armour Boutique.
   405 | D        | Found Faenet's Distillery.
   405 | D        | Found Fuimouf's Distillery.
   405 | D        | Found Xoiraela's Antique Armour Shop.
   406 | D        | Found Liofreim's Book Shop.
   406 | D        | Found Vubloag's Distillery.
   406 | D        | Noticed a shining eye
   406 | D        | Noticed a shining eye
   419 | D        | Found Ywaz Qeda's Magic Scroll Boutique.
   419 | D        | Found Foveom's Assorted Antiques.
   419 | D        | Noticed a shining eye
   419 | D        | Noticed an oklob plant
   420 | D        | Found Jacs's Book Shoppe.
   420 | D        | Found Konomp's Gadget Boutique.
   422 | D        | Noticed a great orb of eyes
   460 | D        | Bought a potion of flight for 30 gold pieces
   466 | D        | Bought an uncursed amulet of guardian spirit for 330 gold
                  | pieces
   475 | D        | Bought an uncursed ring of poison resistance for 240 gold
                  | pieces
   475 | D        | Bought an uncursed ring of protection from fire for 300
                  | gold pieces
   483 | D        | Bought a potion of flight for 39 gold pieces
   501 | D        | Noticed a blink frog
   503 | D        | Killed a blink frog
   528 | D        | Found an opulent altar of Gozag.
   529 | D        | Found a blossoming altar of Fedhas.
   530 | D        | Found a white marble altar of Elyvilon.
   530 | D        | Found a burning altar of Makhleb.
   530 | D        | Found a sparkling altar of Nemelex Xobeh.
   531 | D        | Found a shadowy altar of Dithmenos.
   531 | D        | Found a corrupted altar of Lugonu.
   531 | D        | Found a hide-covered altar of Uskayaw.
   533 | D        | Found a snail-covered altar of Cheibriados.
   533 | D        | Found an ancient bone altar of Kikubaaqudgha.
   533 | D        | Found a bloodstained altar of Trog.
   534 | D        | Noticed a yaktaur
   534 | D        | Noticed a polar bear
   534 | D        | Noticed a hornet
   534 | D        | Noticed a polar bear
   534 | D        | Noticed a polar bear
   535 | D        | Found a roughly hewn altar of Beogh.
   535 | D        | Found a hazy altar of Hepliaklqana.
   535 | D        | Found a viscous altar of Jiyva.
   535 | D        | Found a stormy altar of Qazlal.
   535 | D        | Found a sacrificial altar of Ru.
   535 | D        | Found a shimmering blue altar of Sif Muna.
   535 | D        | Found an ornate altar of the Wu Jian Council.
   545 | D        | Killed a polar bear
   546 | D        | Reached skill level 10 in Fighting
   546 | D        | Reached skill level 13 in Stealth
   546 | D        | Reached skill level 10 in Unarmed Combat
   546 | D        | Reached skill level 1 in Spellcasting
   550 | D        | Killed a polar bear
   550 | D        | Reached ***** piety under Trog
   554 | D        | Killed a polar bear
   555 | D        | Reached XP level 9. HP: 47/47 MP: 4/14
   556 | D        | Killed a yaktaur
   560 | D        | Reached skill level 14 in Stealth
   667 | D        | Noticed a manticore
   668 | D        | Noticed a manticore
   668 | D        | Noticed a manticore
   681 | D        | Killed a manticore
   687 | D        | Killed a manticore
   688 | D        | Reached skill level 5 in Spellcasting
   689 | D        | Killed a manticore
   953 | D        | Noticed a death drake
   963 | D        | Noticed an ice dragon
   966 | D        | Killed an ice dragon
   967 | D        | Reached skill level 15 in Stealth
   967 | D        | Reached XP level 10. HP: 53/53 MP: 18/20
   976 | D        | Noticed a deep elf master archer
   982 | D        | Killed a deep elf master archer
   983 | D        | Reached skill level 15 in Dodging
   983 | D        | Reached skill level 16 in Stealth
   989 | D        | Noticed a hell hog
   989 | D        | Noticed a hell hog
   999 | D        | Killed a hell hog
   999 | D        | Killed from afar by a hell hog
  1000 | D        | Reached XP level 9. HP: -8/73 MP: 0/20
  1012 | D        | Found a shimmering altar of Xom.
  1042 | D        | Killed a death drake
  1043 | D        | Reached XP level 10. HP: 31/54 MP: 10/22
  1045 | D        | Noticed a crystal guardian
  1060 | D        | Killed a crystal guardian
  1324 | D        | Found a basalt altar of Yredelemnul.
  1324 | D        | Found a glowing golden altar of the Shining One.
  1325 | D        | Found an iron altar of Okawaru.
  1325 | D        | Found a radiant altar of Vehumet.
  1325 | D        | Found a glowing silver altar of Zin.
  1347 | D        | Noticed a death drake
  1361 | D        | Killed a death drake
  1362 | D        | Reached skill level 17 in Stealth
  1363 | D        | Succumbed to a death drake's dark miasma
  1364 | D        | Reached XP level 9. HP: 0/51 MP: 10/22
  1366 | D        | Got a scintillating lead ring
  1372 | D        | Noticed an electric golem
  1372 | D        | Noticed an iron golem
  1372 | D        | Noticed a toenail golem
  1377 | D        | Killed a toenail golem
  1377 | D        | Slain by an electric golem

Illustrated notes

Levels and vault maps discovered:
D:        the_violet_keep_of_menkaure [sprint2_stairs_cluster_1,
          sprint2_shoproom, sprint2_temple, sprint2_basic_supplies,
          sprint2_obstacle_2, sprint2_obstacle_6, sprint2_obstacle_1,
          sprint2_obstacle_4, sprint2_obstacle_5, sprint2_timed_cluster_1,
          sprint2_smallroom_cluster_1, sprint2_smallroom_final_cluster_1,
          sprint2_transparent_cluster_1, sprint2_second_timed_cluster_1,
          sprint2_sniper_area_1, sprint2_heavy_combat_area_1,
          sprint2_mutation_trap_area_1, sprint2_forest_area_1,
          sprint2_light_combat_area_1, sprint2_behind_water_1,
          sprint2_near_end_vault_1]

Skill      XL: |  1  2  3  4  5  6  7  8  9 10 |
---------------+-------------------------------+-----
Fighting       | 5 6 7 8 9 10 11 13 | 13.0
Dodging        | 6 8 9 10 11 13 14 16 | 16.3
Stealth        | 5 7 9 10 12 13 15 17 | 17.1
Unarmed Combat | 5 6 7 8 9 10 11 13 | 13.1
Spellcasting   | 3 6 8 |  8.4

Action                   |  1- 3 |  4- 6 |  7- 9 | 10-12 || total
-------------------------+-------+-------+-------+-------++-------
Melee: Unarmed           |     5 |    19 |    66 |    30 ||   120
       Bite              |     1 |     2 |     6 |     4 ||    13
       Punch             |       |     1 |     3 |     1 ||     5
Invok: Berserk           |       |       |     4 |     2 ||     6
       Trog's Hand       |       |       |     3 |     3 ||     6
       Brothers in Arms  |       |       |     2 |       ||     2
  Use: Potion            |     1 |       |       |     3 ||     4
       Scroll            |       |       |     1 |       ||     1
 Stab: Sleeping          |       |     4 |     6 |     1 ||    11
       Distracted        |       |       |       |     1 ||     1
Armor: Skin              |       |       |     2 |       ||     2
Dodge: Dodged            |     2 |     6 |    82 |    29 ||   119
